 Dungeon Crawl Stone Soup version 0.21.0 (webtiles) character file.

910 Helmschank the Gouger (level 7, -4/36 HPs)
             Began as a Felid Berserker on Jan 7, 2018.
             Was a Priest of Trog.
             Shot with a sling bullet by Joseph (23 damage)
             ... on level 7 of the Dungeon.
             The game lasted 00:32:24 (7690 turns).

Helmschank the Gouger (Felid Berserker)             Turns: 7690, Time: 00:32:24

Health: -4/36      AC:  2    Str: 13    XL:     7   Next: 81%
Magic:  8/8        EV: 23    Int:  9    God:    Trog [***...]
Gold:   339        SH:  0    Dex: 18    Spells: 6/6 levels left
                                        Lives:  0   Deaths: 2

rFire    . . .     SeeInvis +     - Unarmed
rCold    . . .     Gourm    .   (shield unavailable)
rNeg     . . .     Faith    .   (armour unavailable)
rPois    +         Spirit   .   (helmet unavailable)
rElec    .         Reflect  .   (cloak unavailable)
rCorr    .         Harm     .   (gloves unavailable)
MR       +....                  (boots unavailable)
Stlth    +++++.....             (no amulet)
HPRegen  0.12/turn              c - ring of stealth
MPRegen  0.11/turn              n - ring of poison resistance

@: quick
A: very small, no armour, no weapons or thrown items, stealth, claws 1, fangs 3,
see invisible, carnivore, speed 1, shaggy fur 2, slow metabolism 1, sharp paws
a: Berserk, Trog's Hand, Burn Spellbooks, Renounce Religion


You were on level 7 of the Dungeon.
You worshipped Trog.
Trog was most pleased with you.
You were completely stuffed.

You visited 2 branches of the dungeon, and saw 8 of its levels.

You collected 339 gold pieces.

Inventory:

Jewellery
 c - a ring of stealth (left paw)
 i - an uncursed ring of fire
 n - a ring of poison resistance (right paw)
 p - an uncursed ring of protection from fire
 u - an uncursed ring of resist corrosion
Wands
 d - a wand of acid (9)
 m - a wand of flame (9)
Scrolls
 h - a scroll of fog
 k - a scroll of remove curse
 l - 2 scrolls of magic mapping
 r - a scroll of teleportation
 s - 2 scrolls of identify
Potions
 b - a potion of lignification
 e - 2 potions of berserk rage
 f - a potion of magic
 g - 3 potions of flight
 j - a potion of might
 o - a potion of mutation {unknown}
 q - a potion of cancellation
 t - 2 potions of degeneration {unknown}
Comestibles
 a - 11 rations
 v - 3 chunks of flesh


   Skills:
 - Level 7.1 Fighting
 - Level 7.0 Dodging
 - Level 5.6 Stealth
 + Level 9.9 Unarmed Combat


You had 6 spell levels left.
You didn't know any spells.

Dungeon Overview and Level Annotations

Branches:
Dungeon (7/15)             Temple (1/1) D:4

Altars:
Ashenzari
Cheibriados
Dithmenos
Elyvilon
Gozag
Hepliaklqana
Makhleb
Nemelex Xobeh
Okawaru
Qazlal
Ru
Sif Muna
Trog
Uskayaw
Vehumet
Wu Jian
Xom
Yredelemnul
Zin
The Shining One

Annotations:
D:7 Joseph


Innate Abilities, Weirdness & Mutations

You cannot wear armour.
You are incapable of wielding weapons or throwing items.
Your paws allow you to move quietly. (Stealth)
You have sharp claws.
You have razor-sharp teeth.
You have supernaturally acute eyesight. (SInv)
You are carnivorous and can eat meat at any time.
You cover ground quickly.
You are covered in thick fur. (AC +2)
You have a slow metabolism.
Your sharp claws are effective at attacking unaware monsters.


Message History

You climb upwards.
Your surroundings suddenly seem different.
There is a stone staircase leading down here.
You climb downwards.
Level annotation: Joseph
There is a stone staircase leading up, spattered with blood here.
There is a stone staircase leading down, spattered with blood here.
Done exploring.
You fail to use your ability.
Your black bear goes berserk!
You feel quite a bit less full.
You can no longer call in reinforcements.
Joseph unwields a +0 quarterstaff of protection.
Joseph wields an uncursed hunting sling.
Joseph shoots a sling bullet.
The sling bullet hits you!!
Ouch! That really hurt!
You take 18 damage, and have 18/36 hp.
MASSIVE DAMAGE!!
Joseph shoots a sling bullet.
The sling bullet hits you!!
Ouch! That really hurt!
You die...

..#.###...##.#..### #.........#
....#...#......#######.........#
......###..##..(...............#
................#####..........#
....####..###.###..............#
..#####...#...###(###..........#
........#.....(#...............#
..##...........................#
................@h............##
..#..#.................#..)..##
.##.##.............@....######
#>..#.....>...............(.#
..###..................####.#
.<....................## #.#
.)...................#### #.##
#.........######........#
#..#### ..........# #........#
##....#


You could see Joseph and a friendly black bear (berserk).

Vanquished Creatures
  Pikel (D:4)
  Prince Ribbit (D:7)
  Sigmund (D:2)
  4 ogres
  An ice beast (D:7)
  5 bullfrogs
  A big kobold (D:7)
  A scorpion (D:6)
  A water moccasin skeleton (D:7)
  5 killer bees (D:7)
  A crimson imp (D:6)
  An orc wizard (D:5)
  A bullfrog zombie (D:6)
  An orc priest (D:3)
  2 centaur zombies
  3 hounds
  2 jellies (D:6)
  Crazy Yiuf (D:6)
  A bullfrog skeleton (D:6)
  7 worker ants
  A hound skeleton (D:6)
  Robin (D:2)
  3 gnolls (D:6)
  7 adders
  2 shadow imps
  An ooze (D:2)
  An adder skeleton (D:4)
  4 worms
  2 dart slugs
  13 orcs
  A ball python (D:2)
  2 bats
  2 giant cockroaches
  13 goblins
  8 hobgoblins
  10 jackals
  A quokka (D:3)
  3 frilled lizards
  A jackal skeleton (D:5)
  8 kobolds
  A leopard gecko skeleton (D:7)
  2 leopard gecko zombies
  2 rats
  A fungus (D:6)
131 creatures vanquished.

Notes
Turn   | Place    | Note
-------+----------+-------------------------------------------
     0 | D:1      | Helmschank the Felid Berserker began the quest for the Orb.
     0 | D:1      | Reached XP level 1. HP: 10/10 MP: 2/2
   162 | D:1      | Reached XP level 2. HP: 14/14 MP: 3/3
   689 | D:2      | Found an ornate altar of the Wu Jian Council.
   783 | D:2      | Noticed Sigmund
   805 | D:2      | Killed Sigmund
   805 | D:2      | Reached skill level 5 in Unarmed Combat
   805 | D:2      | Reached XP level 3. HP: 8/17 MP: 4/4
   805 | D:2      | Reached XP level 4. HP: 10/21 MP: 5/5
   805 | D:2      | Reached XP level 5. HP: 12/24 MP: 6/6
  1844 | D:2      | Reached ** piety under Trog
  2121 | D:2      | Noticed Robin
  2148 | D:2      | Killed Robin
  2812 | D:3      | Gained mutation: You are covered in thick fur. (AC +2) [Felid growth]
  2812 | D:3      | Reached XP level 6. HP: 29/29 MP: 7/7
  3255 | D:4      | Noticed Pikel
  3255 | D:4      | Noticed a slave
  3255 | D:4      | Noticed a slave
  3255 | D:4      | Noticed a slave
  3255 | D:4      | Noticed a slave
  3263 | D:4      | Killed Pikel
  3263 | D:4      | Reached XP level 7. HP: 36/36 MP: 8/8
  3266 | D:4      | Reached skill level 6 in Unarmed Combat
  3551 | D:4      | Found a staircase to the Ecumenical Temple.
  3561 | Temple   | Entered the Ecumenical Temple
  3974 | D:4      | Reached *** piety under Trog
  4003 | D:4      | Found a burning altar of Makhleb.
  4049 | D:5      | Entered Level 5 of the Dungeon
  4127 | D:5      | Reached skill level 7 in Unarmed Combat
  4330 | D:5      | Reached XP level 8. HP: 40/40 MP: 9/9
  4362 | D:5      | Found a glowing golden altar of the Shining One.
  4871 | D:6      | Reached skill level 8 in Unarmed Combat
  4985 | D:6      | Found a hide-covered altar of Uskayaw.
  4994 | D:6      | Noticed Prince Ribbit
  5259 | D:6      | Reached skill level 9 in Unarmed Combat
  5371 | D:6      | Reached skill level 5 in Dodging
  5621 | D:6      | Found a stormy altar of Qazlal.
  5702 | D:6      | Found a runed door.
  5706 | D:6      | Noticed Crazy Yiuf
  5711 | D:6      | Killed Crazy Yiuf
  6161 | D:7      | Killed Prince Ribbit
  6161 | D:7      | Reached XP level 9. HP: 11/43 MP: 10/10
  6434 | D:7      | Reached **** piety under Trog
  6673 | D:7      | Found an opulent altar of Gozag.
  6696 | D:7      | Reached skill level 5 in Stealth
  6855 | D:7      | Noticed Joseph
  6886 | D:7      | HP: 3/64 [killer bee (4)]
  6887 | D:7      | HP: 1/96 [killer bee (4)]
  6891 | D:7      | Slain by a hound
  6892 | D:7      | Reached XP level 8. HP: 0/90 MP: 9/9
  6926 | D:7      | Mangled by Joseph
  6927 | D:7      | Reached XP level 7. HP: -6/54 MP: 8/8
  7690 | D:7      | Shot with a sling bullet by Joseph

Skill      XL: |  1  2  3  4  5  6  7  8  9 |
---------------+----------------------------+-----
Unarmed Combat | 5 7 9 |  9.9
Fighting       | 4 7 |  7.1
Dodging        | 7 |  7.0
Stealth        | 3 5 |  5.6

Action                   |  1- 3 |  4- 6 |  7- 9 || total
-------------------------+-------+-------+-------++-------
Melee: Unarmed           |    47 |   125 |   224 ||   396
       Bite              |     3 |    15 |    22 ||    40
       Punch             |       |     3 |    10 ||    13
Invok: Berserk           |     1 |     5 |    12 ||    18
       Brothers in Arms  |       |       |     1 ||     1
       Trog's Hand       |       |       |     1 ||     1
Evoke: Wand              |       |       |     3 ||     3
  Use: Potion            |     1 |       |     1 ||     2
       Scroll            |       |       |    15 ||    15
 Stab: Sleeping          |     1 |     2 |     7 ||    10
  Eat: Chunk             |     7 |     9 |    23 ||    39
Armor: Skin              |     1 |     6 |    20 ||    27
Dodge: Dodged            |    31 |    68 |   182 ||   281
